 Dungeon Crawl Stone Soup version 0.29.1-4-g47bece8355 (webtiles) character file.

Game seed: 14784956809660580864

84091 ChadusMaximus the Tortoise (level 15, -4/141 HPs)
             Began as a Minotaur Fighter on Dec 9, 2022.
             Was a High Priest of Okawaru.
             Killed from afar by a yellow draconian annihilator (30 damage)
             ... with a crystal spear
             ... on level 3 of the Abyss.
             The game lasted 00:48:50 (35022 turns).

ChadusMaximus the Tortoise (Minotaur Fighter)      Turns: 35022, Time: 00:48:51

Health: -4/141     AC: 25    Str: 25    XL:     15   Next: 34%
Magic:  12/13      EV: 11    Int:  7    God:    Okawaru [*****.]
Gold:   1138       SH: 10    Dex: 15    Spells: 14/14 levels left

rFire   + . .      SeeInvis .   d - +7 broad axe (vamp)
rCold   + . .      Faith    +   e - +1 buckler {reflect}
rNeg    . . .      Spirit   .   v - +4 plate armour {rC+}
rPois   .          Reflect  +   (helmet restricted)
rElec   +          Harm     .   J - +0 cloak
rCorr   .          Rampage  .   Q - +0 pair of gloves
Will    +....                   b - +0 pair of boots
Stlth   ..........              h - amulet of faith
HPRegen 0.00/turn               B - ring of Midwinter {rC+ Str+2 Int+4 Dex+4}
MPRegen 0.13/turn               G - ring "Ixkoxick" {Fire rElec Int+2}

@: lethally poisoned (-4 -> -30), about to teleport, heroic, sick, inhibited
regen, studying 2 skills
A: horns 2, retaliatory headbutt, [deformed body], [dopey 2], [low MP 3],
[inhibited regeneration], [weak 2], [subdued magic 2]
a: Renounce Religion, Heroism, Finesse, Duel


You were on level 3 of the Abyss.
You worshipped Okawaru.
Okawaru was extremely pleased with you.
You visited 3 branches of the dungeon, and saw 20 of its levels.
You visited the Abyss 1 time.
You also visited: Ossuary, Gauntlet and Ice Cave.

You collected 1188 gold pieces.
You spent 50 gold pieces at shops.

Inventory:

Hand Weapons
 d - a +7 vampiric broad axe (weapon)
Missiles
 F - 2 throwing nets (quivered)
 Z - 2 datura-tipped darts
Armour
 b - a +0 pair of boots (worn)
 e - a +1 buckler of reflection (worn)
 v - a +4 plate armour of cold resistance (worn)
 J - a +0 cloak (worn)
 Q - a +0 pair of gloves (worn)
Jewellery
 g - a ring of ice
 h - an amulet of faith (around neck)
 B - the ring of Midwinter (left hand) {rC+ Str+2 Int+4 Dex+4}
   (You found it on level 12 of the Dungeon)

   [ring of protection from cold]

   Str:       It affects your strength (+2).
   Int:       It affects your intelligence (+4).
   Dex:       It affects your dexterity (+4).
   rC:        It protects you from cold.
 G - the ring "Ixkoxick" (right hand) {Fire rElec Int+2}
   (You found it on level 2 of the Lair of Beasts)

   [ring of fire]

   It enhances your fire magic.
   Int:       It affects your intelligence (+2).
   rF:        It protects you from fire.
   rC:        It makes you vulnerable to cold.
   rElec:     It insulates you from electricity.
 W - a ring of protection from fire
Wands
 C - a wand of polymorph (15)
 I - a wand of digging (10)
 K - a wand of flame (41)
 R - a wand of roots (19)
 S - a wand of paralysis (22)
 X - a wand of light (1)
Scrolls
 i - 6 scrolls of teleportation
 j - 4 scrolls of noise
 n - 6 scrolls of fear
 o - 3 scrolls of enchant armour
 s - 5 scrolls of immolation
 w - 4 scrolls of amnesia
 x - 2 scrolls of blinking
 y - 6 scrolls of poison
 H - 2 scrolls of magic mapping
 O - 4 scrolls of vulnerability
 P - 2 scrolls of silence
Potions
 c - 6 potions of haste
 f - 6 potions of attraction
 l - 7 potions of lignification
 m - a potion of cancellation
 p - 4 potions of curing
 q - 2 potions of heal wounds
 r - 2 potions of brilliance
 t - 4 potions of degeneration {unknown}
 u - 8 potions of magic {unknown}
 z - 5 potions of resistance {unknown}
 A - 5 potions of flight {unknown}
 D - 4 potions of ambrosia
 E - 3 potions of berserk rage {unknown}
 M - a potion of invisibility {unknown}
 N - 2 potions of might
 T - 3 potions of mutation {unknown}
Miscellaneous
 L - a piece from Xom's chessboard (15/15)
 V - a piece from Xom's chessboard (15/15)


   Skills:
 + Level 15.6(20.6) Fighting
 + Level 15.3(20.3) Axes
 - Level 7.5(12.5) Throwing
 + Level 18.1(23.1) Armour
 + Level 15.6(20.6) Shields
 - Level 8.3 Invocations


You had 14 spell levels left.
You didn't know any spells.
Your spell library contained the following spells:

 Spells                   Type           Power      Damage    Failure   Level
 Magic Dart               Conj           0%         1d3       87%         1
 Sandblast                Erth           0%         2d4       87%         1
 Passwall                 Tmut/Erth      0%         N/A       95%         2
 Mephitic Cloud           Conj/Pois/Air  0%         N/A       99%         3
 Portal Projectile        Hex/Tloc       0%         N/A       99%         3
 Stone Arrow              Conj/Erth      0%         3d7       99%         3
 Leda's Liquefaction      Hex/Erth       0%         N/A       100%        4
 Passage of Golubria      Tloc           0%         N/A       100%        4
 Lee's Rapid Deconstruct  Erth           0%         3d5*      100%        5
 Silence                  Hex/Air        0%         N/A       100%        5
 Statue Form              Tmut/Erth      0%         N/A       100%        6
 Lehudib's Crystal Spear  Conj/Erth      0%         10d2      100%        8
 Call Imp                 Summ           Unusable   N/A       N/A         2
 Call Canine Familiar     Summ           Unusable   N/A       N/A         3

Dungeon Overview and Level Annotations

Branches:
Dungeon (14/15)            Temple (1/1) D:5            Lair (5/5) D:8
  Swamp (0/4) Lair:2        Snake (0/4) Lair:2        Slime (0/5) Lair:4
    Orc (0/2) D:10        Ossuary (visited)           IceCv (visited)
Gauntlet (visited)
 Vaults: D:13-14

Altars:
Ashenzari
Cheibriados
Dithmenos
Elyvilon
Fedhas
Gozag
Okawaru
Qazlal
Ru
Uskayaw
Wu Jian
Zin
The Shining One
Jiyva

Shops:
D:4 *[


Innate Abilities, Weirdness & Mutations

You have a pair of horns on your head.
You reflexively headbutt those who attack you in melee.
[Armour fits poorly on your strangely shaped body.]
[You are very dopey. (Int -4)]
[Your magical capacity is extremely low. (-30% MP)]
[You do not regenerate when monsters are visible.]
[You are very weak. (Str -4)]
[Your spells are easier to cast, but less powerful.]


Message History

A wretched star comes into view.
The wretched star pulses with an eldritch light!
You feel weaker. x2
The wretched star pulses with an eldritch light!
Your connection to magic feels subdued.
Your connection to magic feels more subdued.
A large abomination comes into view.
As you read the scroll of teleportation, it crumbles to dust.
You feel strangely unstable.
You feel the power of the Abyss delaying your translocation!
A sixfirhy comes into view.
The wretched star pulses with an eldritch light!
Your regeneration stops near monsters.
You feel less energetic. x2
The sixfirhy moves out of view.
The wretched star pulses with an eldritch light!
You feel less energetic.
You feel more confident with your borrowed prowess.
You block the large abomination's attack.
You slash the large abomination!
The large abomination is moderately damaged.
The yellow draconian annihilator spits acid at you.
The glob of acid hits you!!
* * * LOW HITPOINT WARNING * * *
The wretched star pulses with an eldritch light!
You feel stupid. x2
The large abomination attacks as you move away!
The large abomination closely misses you.
The wretched star pulses with an eldritch light!
Your body twists and deforms.
The yellow draconian annihilator gestures at you while chanting.
The poison arrow hits you!!
You are lethally poisoned!
* * * LOW HITPOINT WARNING * * *
You feel much better.
* * * LOW HITPOINT WARNING * * *
You feel extremely sick.
The large abomination hits you but does no damage.
The yellow draconian annihilator gestures at you while chanting.
The crystal spear hits you!!
You die...

# .# # # #. #.#.
.#. ..#. #...##..
#.#..
###.#.#.##..#..
.~~~~ยง..~~~~~ .
โ‰ˆ~.~โ‰ˆ~.#~# .#
##...~~~# #
####...@~~โ‰ˆ#
..#.....X~~~# #~#
###....#..###..~~.
#..#.##q##*.#..#.
#....##......#
#........##.#....
##..#.*...### ..
#....##......# .
... .. ..........


You could see a yellow draconian annihilator, a wretched star and a large
abomination.

Vanquished Creatures
  Rupert (Lair:4)
  An Executioner (Abyss:2)
  A tentacled starspawn (Abyss:3)
  The ghost of ripuliukko the Geomancer, a journeyman GrEE of Vehumet (D:13)
  A purple draconian (Abyss:3)
  A minotaur (Gauntlet)
  The ghost of Xoddanic the Cleaver, a journeyman DsBe of Trog (D:13)
  2 fire dragons
  Josephine (Lair:4)
  A vault guard (D:14)
  The ghost of kalagan the Thaumaturge, a journeyman DECj of Sif Muna (Lair:3)
  3 boulder beetles
  An ogre mage (D:14)
  A catoblepas (Lair:2)
  8 hydras
  3 centaur warriors
  6 two-headed ogres
  3 thrashing horrors
  A soul eater (Gauntlet)
  3 skeletal warriors
  A large abomination (Abyss:3)
  A sixfirhy (Gauntlet)
  A wizard (D:14)
  A deep elf pyromancer (D:12)
  A lindwurm (Lair:5)
  A manticore (D:10)
  6 ugly things
  6 elephants
  An apocalypse crab (Abyss:3)
  A moth of wrath (Gauntlet)
  12 cane toads
  3 ice statues (IceCv)
  2 molten gargoyles (Lair:5)
  6 black mambas
  2 torpor snails (Lair:4)
  An unseen horror (D:13)
  Psyche (D:8)
  3 rime drakes
  15 komodo dragons
  An anaconda simulacrum (IceCv)
  2 tengu conjurers (D:13)
  An efreet (D:13)
  An ancient zyme (Abyss:3)
  A queen bee (Lair:3)
  4 trolls
  2 polar bears
  A tarantella (shapeshifter) (D:13)
  16 slime creatures
  2 hornets (Lair:3)
  29 blink frogs
  A raiju (Abyss:2)
  2 ynoxinuls (Abyss:3)
  A water elemental (Abyss:3)
  8 wraiths
  4 wyverns
  56 yaks
  A vampire (D:11)
  2 death yak simulacra (IceCv)
  4 vampire mosquitoes (D:11)
  6 basilisks
  2 steam dragons
  2 harpy simulacra (IceCv)
  2 redbacks (Gauntlet)
  3 nagas (Lair:2)
  9 water moccasins
  4 hell hounds (Lair:5)
  An acid dragon (D:10)
  12 orc warriors
  An ice beast (D:5)
  A sky beast (D:6)
  3 black bears
  13 wolves
  12 centaurs
  3 boggarts (D:14)
  3 ogres
  A phantom (D:5)
  3 kobold brigands
  2 elf zombies (D:6)
  A scorpion (D:4)
  A small abomination (Abyss:3)
  8 bullfrogs
  2 necrophages
  An elf skeleton (D:6)
  A jelly (D:7)
  A cane toad simulacrum (IceCv)
  3 water moccasin zombies (Ossuary)
  4 wights
  40 killer bees
  7 howler monkeys
  2 electric eels
  5 lava snakes (Lair:5)
  4 hounds
  10 orc priests
  2 starcursed masses
  Crazy Yiuf (D:7)
  2 human skeletons (D:6)
  3 iguanas
  27 orc wizards
  A polar bear simulacrum (IceCv)
  2 mummies (Ossuary)
  10 adders
  4 gnolls (D:6)
  3 shadow imps (Gauntlet)
  5 ufetubi
  5 adder zombies (Ossuary)
  3 worms
  2 dart slugs
  64 orcs
  2 endoplasms
  2 giant cockroaches (D:1)
  5 gnoll zombies (Ossuary)
  7 goblins
  4 hobgoblins
  6 jackals
  21 kobolds
  4 quokkas
  2 ball pythons
  7 bats
  2 frilled lizards (D:3)
  7 hobgoblin zombies (Ossuary)
  4 kobold zombies (Ossuary)
  An orc skeleton (D:6)
  3 orc zombies (Ossuary)
  2 rats
631 creatures vanquished.

Vanquished Creatures (others)
  A deep elf pyromancer (D:12)
  A bush (Lair:5)
  3 demonic plants (Gauntlet)
  16 fungi
  19 plants
  6 starspawn tentacles
  A withered plant (D:13)
47 creatures vanquished.

Grand Total: 678 creatures vanquished

Notes
Turn   | Place    | Note
-------+----------+-------------------------------------------
     0 | D:1      | ChadusMaximus the Minotaur Fighter began the quest for the
                  | Orb.
     0 | D:1      | Reached XP level 1. HP: 19/19 MP: 0/0
   227 | D:1      | Reached XP level 2. HP: 27/27 MP: 1/1
   603 | D:1      | Reached skill level 4 in Armour
   610 | D:1      | Found a faded altar of an unknown god.
   996 | D:2      | Reached XP level 3. HP: 33/33 MP: 2/2
  1097 | D:2      | Found a glowing silver altar of Zin.
  1775 | D:3      | Reached XP level 4. HP: 32/41 MP: 3/3
  2175 | D:3      | You fall into a shaft and drop 1 floor!
  2180 | D:4      | Noticed a necrophage
  2193 | D:4      | Killed a necrophage
  2194 | D:4      | Reached XP level 5. HP: 26/47 MP: 4/4
  3015 | D:4      | Found Natoixt's Assorted Antiques.
  3028 | D:4      | Reached skill level 5 in Fighting
  3028 | D:4      | Reached skill level 5 in Armour
  3028 | D:4      | Reached skill level 5 in Shields
  3033 | D:4      | Reached XP level 6. HP: 38/56 MP: 5/5
  3131 | D:4      | Bought a scroll labelled QUQ MUMNIVVA for 25 gold pieces
  3131 | D:4      | Bought a scroll labelled RIKKEH ZYTI for 25 gold pieces
  3809 | D:4      | Found Lancelot's Dragon-Slaying Spoils.
  4190 | D:5      | Entered Level 5 of the Dungeon
  4329 | D:5      | Reached skill level 5 in Axes
  4333 | D:5      | Reached XP level 7. HP: 42/62 MP: 6/6
  4488 | D:5      | Reached skill level 6 in Armour
  4645 | D:5      | Found a staircase to the Ecumenical Temple.
  4675 | Temple   | Entered the Ecumenical Temple
  4906 | Temple   | Became a worshipper of Warmaster Okawaru
  5198 | D:5      | Found a glowing golden altar of the Shining One.
  5198 | D:5      | Found a glowing silver altar of Zin.
  5198 | D:5      | Found an ornate altar of the Wu Jian Council.
  5199 | D:5      | Found a blossoming altar of Fedhas.
  5458 | D:5      | Reached XP level 8. HP: 43/71 MP: 7/7
  5903 | D:6      | Reached * piety under Okawaru
  5986 | D:6      | Reached skill level 7 in Armour
  6013 | D:6      | Found a sand-covered staircase.
  6030 | Ossuary  | Entered an ossuary
  6092 | Ossuary  | Reached skill level 1 in Invocations
  7356 | D:7      | Reached XP level 9. HP: 55/80 MP: 7/10
  7450 | D:7      | Reached ** piety under Okawaru
  7835 | D:7      | Reached skill level 8 in Armour
  8941 | D:7      | Found a runed translucent door.
  8942 | D:7      | Noticed Crazy Yiuf
  9002 | D:7      | Reached skill level 5 in Invocations
  9213 | D:7      | Killed Crazy Yiuf
  9380 | D:8      | Noticed Psyche
  9672 | D:8      | Found a staircase to the Lair.
  9672 | D:8      | Noticed an elephant
  9689 | D:8      | Killed an elephant
  9690 | D:8      | Reached XP level 10. HP: 73/90 MP: 10/13
 10289 | D:8      | Killed Psyche
 10289 | D:8      | Reached *** piety under Okawaru
 10290 | D:8      | Reached skill level 9 in Armour
 12077 | D:8      | Reached skill level 1 in Throwing
 14294 | D:9      | Noticed a two-headed ogre
 14302 | D:9      | Killed a two-headed ogre
 14302 | D:9      | Reached **** piety under Okawaru
 15008 | D:10     | Entered Level 10 of the Dungeon
 15067 | D:10     | Noticed a two-headed ogre
 15084 | D:10     | Killed a two-headed ogre
 15085 | D:10     | Reached XP level 11. HP: 77/99 MP: 6/14
 15535 | D:10     | Reached skill level 10 in Armour
 15590 | D:10     | Received a gift from Okawaru
 15742 | D:10     | Reached skill level 5 in Throwing
 15752 | D:10     | Found a staircase to the Orcish Mines.
 16314 | D:10     | Reached skill level 10 in Fighting
 16314 | D:10     | Reached skill level 10 in Shields
 17868 | D:11     | Noticed a two-headed ogre
 17877 | D:11     | Killed a two-headed ogre
 17877 | D:11     | Reached ***** piety under Okawaru
 17878 | D:11     | Reached skill level 10 in Axes
 18108 | D:11     | Identified the +4 flail of Judgement {elec, Int+3}
 18468 | D:11     | Noticed a two-headed ogre
 18481 | D:11     | Killed a two-headed ogre
 18481 | D:11     | Received a gift from Okawaru
 18662 | D:11     | Found Kufe's General Store.
 18758 | D:11     | Received a gift from Okawaru
 19298 | Lair:1   | Entered Level 1 of the Lair of Beasts
 19320 | Lair:1   | Reached skill level 11 in Armour
 19325 | Lair:1   | Reached XP level 12. HP: 99/108 MP: 8/15
 19396 | Lair:1   | Received a gift from Okawaru
 19440 | Lair:1   | Found a gate leading to a gauntlet.
 19449 | Gauntlet | Entered a Gauntlet
 19449 | Gauntlet | Found a transporter.
 19449 | Gauntlet | Found a transporter.
 19449 | Gauntlet | Found a transporter.
 19450 | Gauntlet | Found a transporter.
 19736 | Gauntlet | Found a transporter.
 19738 | Gauntlet | Found a transporter.
 19743 | Gauntlet | Noticed a death scarab
 19748 | Gauntlet | Found a transporter.
 19750 | Gauntlet | Found a transporter.
 19756 | Gauntlet | Noticed a death yak
 19757 | Gauntlet | Noticed a death yak
 19758 | Gauntlet | Noticed a death yak
 19759 | Gauntlet | Noticed a death yak
 19760 | Gauntlet | Found a transporter.
 19760 | Gauntlet | Noticed a death yak
 19760 | Gauntlet | Noticed a death yak
 19864 | Gauntlet | Found a transporter.
 19865 | Gauntlet | Found a transporter.
 19876 | Gauntlet | Found a transporter.
 20208 | Gauntlet | Identified the +2 helmet of the Butterfly {Harm Regen+ MP-9
                  | Int-4}
 20459 | Gauntlet | Noticed a minotaur
 20475 | Gauntlet | Killed a minotaur
 21030 | Gauntlet | Found the ring of the Mage {Wiz Archmagi}
 21801 | Lair:1   | Found an ornate altar of the Wu Jian Council.
 21801 | Lair:1   | Found a hide-covered altar of Uskayaw.
 21801 | Lair:1   | Noticed a boulder beetle
 21823 | Lair:1   | Killed a boulder beetle
 22350 | Lair:2   | Found a staircase to the Snake Pit.
 22577 | Lair:2   | Reached skill level 12 in Armour
 22858 | Lair:2   | Found a staircase to the Swamp.
 22866 | Lair:2   | Identified the ring "Ixkoxick" {Fire rElec Int+2}
 23064 | Lair:2   | Received a gift from Okawaru
 23437 | Lair:2   | Noticed a catoblepas
 23466 | Lair:2   | Killed a catoblepas
 23894 | Lair:3   | Reached XP level 13. HP: 99/118 MP: 17/17
 24725 | Lair:3   | Noticed kalagan's ghost (journeyman DECj)
 24733 | Lair:3   | Found a transporter.
 24736 | Lair:3   | Found a transporter.
 24945 | Lair:3   | You fall into a shaft and drop 2 floors!
 24945 | Lair:5   | Entered Level 5 of the Lair of Beasts
 25469 | Lair:5   | Received a gift from Okawaru
 25566 | Lair:4   | Noticed Rupert
 25577 | Lair:4   | Killed Rupert
 25578 | Lair:4   | Reached skill level 13 in Armour
 26378 | Lair:4   | Found a viscous altar of Jiyva.
 26379 | Lair:4   | Found a staircase to the Slime Pits.
 26799 | Lair:4   | Noticed Josephine
 26809 | Lair:4   | Killed Josephine
 26812 | Lair:4   | Received a gift from Okawaru
 26854 | Lair:4   | Reached skill level 14 in Armour
 28071 | Lair:5   | Received a gift from Okawaru
 28302 | Lair:5   | Reached XP level 14. HP: 122/130 MP: 17/19
 28910 | Lair:5   | Reached skill level 15 in Armour
 29323 | Lair:5   | Found a large runed translucent door.
 29450 | Lair:5   | Found a large runed translucent door.
 29481 | Lair:5   | Received a gift from Okawaru
 30362 | Lair:3   | Killed kalagan's ghost
 30380 | Lair:3   | Identified the +8 dagger of Cheibriados's Respect {flame,
                  | rPois Int+4}
 30616 | D:12     | Received a gift from Okawaru
 30616 | D:12     | Found the +0 pair of fencer's gloves {Riposte Dex+3}
 30632 | D:12     | Identified the ring of Midwinter {rC+ Str+2 Int+4 Dex+4}
 31186 | D:12     | Reached skill level 16 in Armour
 31923 | D:13     | Found a frozen archway.
 31937 | IceCv    | Entered an ice cave
 33077 | D:13     | Found Ungesess's General Store.
 33537 | D:13     | Found a runed translucent gate.
 33537 | D:13     | Found a runed translucent gate.
 33537 | D:13     | Found a runed translucent gate.
 33538 | D:13     | Noticed Xoddanic's ghost (journeyman DsBe)
 33539 | D:13     | Noticed ripuliukko's ghost (journeyman GrEE)
 33552 | D:13     | Killed ripuliukko's ghost
 33553 | D:13     | Reached skill level 15 in Fighting
 33553 | D:13     | Reached skill level 17 in Armour
 33553 | D:13     | Reached skill level 15 in Shields
 33553 | D:13     | Killed Xoddanic's ghost
 33553 | D:13     | Received a gift from Okawaru
 33653 | D:13     | HP: 2/135 [poisoned by a skeletal warrior]
 34132 | D:14     | Received a gift from Okawaru
 34146 | D:14     | Reached XP level 15. HP: 106/141 MP: 20/20
 34292 | D:14     | Received a gift from Okawaru
 34423 | D:14     | Reached skill level 15 in Axes
 34642 | D:14     | Received a gift from Okawaru
 34650 | Abyss:2  | Cast into level 2 of the Abyss (a wizard)
 34688 | Abyss:2  | Noticed an Executioner
 34699 | Abyss:2  | Killed an Executioner
 34709 | Abyss:2  | Noticed a tentacled starspawn
 34774 | Abyss:2  | Noticed an Executioner
 34938 | Abyss:3  | Noticed a tentacled starspawn
 34939 | Abyss:3  | Reached skill level 18 in Armour
 34949 | Abyss:3  | Killed a tentacled starspawn
 35021 | Abyss:3  | HP: 3/141 [yellow draconian annihilator/poison arrow (24)]
 35022 | Abyss:3  | Killed from afar by a yellow draconian annihilator

Illustrated notes

Levels and vault maps discovered:
D:1:      heliophobic_arrival_dark_side_of_the_moon, layout_basic,
          shapermc_ecumenical_altar_starsandcircs, chequers_serial_rivers_marsh
D:2:      layout_loops_ring, basic_altar
D:3:      layout_basic
D:4:      layout_basic, serial_shops, shop, nicolae_shop_dragon_depot
D:5:      layout_basic, chequers_temple_overflow_statue_of_worship,
          minmay_temple_entry_waves
D:6:      layout_loops_ring, nicolae_ossuary_entry_catacombs,
          minmay_tree_intersection
D:7:      layout_rooms, minmay_quadrilaterals, uniq_crazy_yiuf_cottage
D:8:      layout_layer_cave, david_lair_generic, palyth_stone_intersect,
          uniq_psyche
D:9:      layout_basic, nicolae_hexahallways
D:10:     layout_roguey, erik_orc_2, minivault_20
D:11:     layout_stronghold, serial_column_ruins, column_ruins_hut,
          column_ruins_grid_1, column_ruins_grid_4, column_ruins_open_tiny,
          column_ruins_columns_straight, column_ruins_open_small,
          column_ruins_grid_2, serial_shops, shop
D:12:     layout_basic
D:13:     layout_loops_ring, serial_shops, nicolae_shop_hallway_plus,
          portal_ice_cave_rime, gammafunk_ghost_cemetery
D:14:     layout_loops_ring, grunt_vaults_entry_fortified,
          nicolae_concentric_dashed_squares_mild
Temple:   dpeg_five_rooms_temple
Lair:1:   layout_loops_ring, gauntlet_entry_generic,
          nzn_masters_of_martial_movement
Lair:2:   layout_long_grid, swamp_mist, minmay_snake_entry_guardpost_small,
          nicolae_quartered_pool_little
Lair:3:   layout_concentric_octagons, gammafunk_ghost_hive
Lair:4:   layout_cave_pods, slime_entry_1, nicolae_lair_grove_arrangements,
          uniq_rupert, uniq_josephine
Lair:5:   cheibrodos_lair_end_hotspot, layout_big_grid
Abyss:3:  base: D:14, hangedman_abyss_mock_shop,
          gammafunk_abyss_rune_reverse_zot, hangedman_abyss_mock_shop

Skill      XL: |  1  2  3  4  5  6  7  8  9 10 11 12 13 14 15 |
---------------+----------------------------------------------+-----
Armour         | 4 5 6 7 8 9 11 12 14 17 18 | 18.1
Fighting       | 4 5 6 7 8 9 10 12 13 15 | 15.6
Shields        | 4 5 6 7 8 9 10 12 13 15 | 15.6
Axes           | 3 4 5 6 7 8 9 10 11 13 14 15 | 15.3
Invocations    | 3 5 6 7 8 |  8.3
Throwing       | 4 7 |  7.5

Action                   |  1- 3 |  4- 6 |  7- 9 | 10-12 | 13-15 || total
-------------------------+-------+-------+-------+-------+-------++-------
Melee: War axe           |    78 |   103 |   354 |   696 |   368 ||  1599
       Headbutt          |     6 |    14 |    62 |   172 |   209 ||   463
       Unarmed           |       |       |     3 |       |       ||     3
       Broad axe         |       |       |       |       |   599 ||   599
Throw: Dart              |       |       |     3 |    24 |     8 ||    35
       Stone             |       |       |       |    26 |       ||    26
       Javelin           |       |       |       |    15 |    83 ||    98
       Boomerang         |       |       |       |       |     1 ||     1
Invok: Heroism           |       |       |     8 |    29 |    39 ||    76
       Finesse           |       |       |       |     5 |    10 ||    15
  Use: Scroll            |       |       |     9 |     7 |    18 ||    34
       Potion            |       |       |     1 |     1 |     4 ||     6
 Stab: Paralysed         |       |       |       |       |     1 ||     1
Armor: Scale mail        |    59 |    32 |       |       |       ||    91
       Chain mail        |       |    34 |   156 |    44 |       ||   234
       Plate armour      |       |       |       |   366 |   648 ||  1014
Dodge: Dodged            |    45 |    41 |   112 |   195 |   351 ||   744
Block: Buckler           |    21 |    26 |    89 |   243 |   440 ||   819
       Reflection        |       |       |     1 |     4 |    26 ||    31
